 Dungeon Crawl Stone Soup version 0.15-a0-1788-ga796aff (webtiles) character file.

25 JogiH the Magician (level 3, -1/19 HPs)
             Began as a Gargoyle Wizard on June 29, 2014.
             Slain by a hobgoblin
             ... wielding a +0 club
              (2 damage)
             ... on Level 1 of the Dungeon.
             The game lasted 00:03:18 (598 turns).

JogiH the Magician (Gargoyle Wizard)                 Turns: 598, Time: 00:03:18

HP  -1/19        AC  5     Str 10      XL: 3   Next:  6%
MP   1/8         EV 11     Int 19      God:
Gold 33          SH  0     Dex  8      Spells:  3 memorised,  4 levels left

rFire  . . .     SeeInvis .     h - +0 club
rCold  . . .     Clarity  .     a - +0 robe
rNeg   + . .     rCorr    .     (no shield)
rPois  +         rRot     +     b - +0 hat
rElec  +         Spirit   .     (no cloak)
SustAb .         Warding  .     (no gloves)
rMut   .         Stasis   .     (no boots)
Gourm  .                        (no amulet)
MR     .....                    (no ring)
                                (no ring)

@: not resistant to hostile enchantments, unstealthy
A: life protection 1, electricity resistance, unbreathing, petrification
resistance, rot immunity, AC +3
a: no special abilities


You were on level 1 of the Dungeon.
You were not hungry.

You visited 1 branch of the dungeon, and saw 1 of its levels.

You collected 33 gold pieces.

Inventory:

Hand weapons
 h - a +0 club (weapon)
Armour
 a - a +0 robe (worn)
 b - a +0 hat (worn)
Comestibles
 d - a bread ration
Scrolls
 e - a scroll of enchant armour {unknown}
 i - a scroll of blinking {unknown}
Potions
 g - a potion of curing {unknown}
Books
 c - a book of Minor Magic

   Spells                             Type                      Level
   *Magic Dart                        Conjuration                  1
   *Blink                             Translocation                2
   *Call Imp                          Summoning                    2
   Repel Missiles                     Charms/Air                   2
   Slow                               Hexes                        2
   Conjure Flame                      Conjuration/Fire             3
   Mephitic Cloud                     Conjuration/Poison/Air       3


   Skills:
 + Level 1.6 Dodging
 - Level 2.1 Stealth
 + Level 3.7 Spellcasting
 * Level 1.4 Conjurations
 - Level 1.1 Summonings
 - Level 1.0 Translocations


You had 4 spell levels left.
You knew the following spells:

 Your Spells              Type           Power        Failure   Level  Hunger
a - Magic Dart            Conj           #...         10%         1    None
b - Blink                 Tloc           N/A          17%         2    ##.....
c - Call Imp              Summ           #.......     14%         2    ##.....


Dungeon Overview and Level Annotations

Branches:
Dungeon (1/15)

Altars:


Innate Abilities, Weirdness & Mutations

You are resistant to torment.
You are immune to poison.
Your stone body is very resilient (AC +3).
You resist negative energy.
You are resistant to electric shocks.
You can survive without breathing.
You are immune to petrification.
You are immune to rotting.


Message History

You closely miss the hobgoblin.
The hobgoblin is almost dead.
The hobgoblin hits you with a club.
You hit the hobgoblin but do no damage.
The hobgoblin is almost dead.
The hobgoblin hits you with a club.
* * * LOW HITPOINT WARNING * * *
You closely miss the hobgoblin.
The hobgoblin is almost dead.
The hobgoblin hits you with a club.
* * * LOW HITPOINT WARNING * * *
Casting: Magic Dart
Confirm with . or Enter, or press ? or * to list all spells.
Aiming: Magic Dart
Press: ? - help, Shift-Dir - straight line, f/p - hobgoblin
Aim: a hobgoblin, wielding a club (almost dead)
The magic dart hits the hobgoblin.
The hobgoblin is almost dead.
The hobgoblin hits you with a club.
You die...

#.# #...<# #.# ###### #.#
#####.###### ## #......)...#
#. ....###.####.# #.
##...###.# #.
#.....##.####### #.
##...###..@g...# #####. ##.##
#######.# #..... #.# ###.#
#.###. #.# #...# #.# #. ##'##
#.### #.# #. ##...## #.# #.#
#. ##.....## #.## #.# #.
##.......## #..## #.####
#.........####...#######.##..


You could see a hobgoblin.

Vanquished Creatures
  A gnoll (D:1)
  2 bats (D:1)
  3 goblins (D:1)
  A kobold (D:1)
  2 giant cockroaches (D:1)
  3 giant newts (D:1)
  3 jackals (D:1)
  A rat (D:1)
16 creatures vanquished.

Notes
Turn   | Place    | Note
--------------------------------------------------------------
     0 | D:1      | JogiH, the Gargoyle Wizard, began the quest for the Orb.
     0 | D:1      | Reached XP level 1. HP: 10/10 MP: 4/4
   116 | D:1      | Reached XP level 2. HP: 9/15 MP: 0/6
   120 | D:1      | Learned a level 2 spell: Blink
   123 | D:1      | Learned a level 2 spell: Call Imp
   504 | D:1      | Reached skill level 1 in Summonings
   525 | D:1      | Reached skill level 1 in Translocations
   525 | D:1      | Reached XP level 3. HP: 12/19 MP: 0/8
   598 | D:1      | Slain by a hobgoblin

Action                   || total
-------------------------++-------
Melee: Unarmed           ||     1
       Club              ||    34
 Cast: Magic Dart        ||    39
